 Dungeon Crawl Stone Soup version 0.30-b1-2-g02819fbbbe (webtiles) character file.

Game seed: 9010358949993942244

17 Alarkh the Insei (level 2, 21/21 HPs)
             Began as a Demonspawn Transmuter on July 6, 2023.
             Got out of the dungeon alive.
             The game lasted 00:00:22 (220 turns).

Alarkh the Insei (Demonspawn Transmuter)             Turns: 220, Time: 00:00:22

Health: 21/21      AC:  2    Str: 10    XL:     2   Next: 44%
Magic:  5/5        EV: 12    Int: 14    God:
Gold:   25         SH:  0    Dex: 13    Spells: 4/5 levels left

rFire   . .          .
                       - Unarmed
rCold   . . .        (no shield)
rNeg    . . .        a - +0 robe
rPois   .            (helmet restricted)
rElec   .            (no cloak)
rCorr   .            (no gloves)
SInv    .            (no boots)
Will    .....        (no amulet)
Stlth   +            (no ring)
HPRegen 0.23/turn    (no ring)
MPRegen 0.09/turn

%: no passive effects
@: no status effects
A: horns 1
a: no special abilities


You escaped.
You visited 1 branch of the dungeon, and saw 1 of its levels.

You collected 25 gold pieces.

Inventory:

Armour
 a - a +0 robe (worn)
Potions
 b - a potion of lignification


   Skills:
 - Level 1.0 Fighting
 - Level 1.7 Dodging
 + Level 3.5 Unarmed Combat
 - Level 2.0 Spellcasting
 - Level 1.7 Transmutations


You had 4 spell levels left.
You knew the following spells:

 Your Spells              Type           Power      Damage    Failure   Level
a - Beastly Appendage     Tmut           12%        N/A       12%         1

Your spell library contained the following spells:

 Spells                   Type           Power      Damage    Failure   Level
 Wereblood                Tmut           6%         N/A       17%         2
 Spider Form              Tmut/Pois      3%         N/A       45%         3
 Ice Form                 Ice/Tmut       3%         N/A       86%         4


Dungeon Overview and Level Annotations

Branches:
Dungeon (1/15)

Altars:


Innate Abilities, Weirdness & Mutations

You have a pair of small horns on your head.


Message History

You are too injured to fight recklessly!
You are too injured to fight recklessly!
You are too injured to fight recklessly!
You are too injured to fight recklessly!
You are too injured to fight recklessly!
You are too injured to fight recklessly!
You are too injured to fight recklessly!
You are too injured to fight recklessly!
You are too injured to fight recklessly!
You are too injured to fight recklessly!
You are too injured to fight recklessly!
You are too injured to fight recklessly!
You are too injured to fight recklessly!
You are too injured to fight recklessly!
You are too injured to fight recklessly!
You are too injured to fight recklessly!
You are too injured to fight recklessly!
You barely miss the endoplasm. You claw the endoplasm.
You kill the endoplasm!
The dart slug launches a dart at you.
The slug dart hits you but does no damage.
The dart slug misses you.
Items here: $ )) ††††.
You hit the dart slug.
The dart slug is heavily wounded.
You hit the dart slug. You claw the dart slug.
You kill the dart slug!
You see here a dart slug corpse.
You start resting.
Your horns shrink.
Your talons disappear.
You start resting.
HP restored.
You now have 25 gold pieces.
Items here: )) ††††.
You open the door.
There is an open door here.
You see here 6 stones.
There is a staircase leading out of the dungeon here.
Are you sure you want to leave the Dungeon?
This will make you lose the game!
You have escaped!

#.# #### #.# ....
########.# ....
#§§§≈≈##[# .... #
#§§§§≈##.# ....
#.##≈§≈≈≈##.# #...
#....≈≈≈....# ####
#..8.....8..# #
#.....@.....### #
#.....8.......## #
##.........#...# #
##.......##.#.## #
##..8......#..###
#
##.....#####...###
# ##...##
###...### #####
###.... #####


There were no monsters in sight!

Vanquished Creatures
  2 dart slugs (D:1)
  An endoplasm (D:1)
  2 jackals (D:1)
  A quokka (D:1)
  2 ball pythons (D:1)
  2 bats (D:1)
  3 goblins (D:1)
13 creatures vanquished.

Notes
Turn   | Place    | Note
-------+----------+-------------------------------------------
     0 | D:1      | Alarkh the Demonspawn Transmuter began the quest for the
                  | Orb.
     0 | D:1      | Reached XP level 1. HP: 15/15 MP: 3/3
   103 | D:1      | Reached skill level 3 in Unarmed Combat
   128 | D:1      | Discovered your monstrous ancestry.
   128 | D:1      | Mutation became permanent: You have a pair of small horns
                  | on your head. [demonic ancestry]
   128 | D:1      | Gained mutation: You have a pair of horns on your head.
                  | [demonic ancestry]
   128 | D:1      | Reached XP level 2. HP: 14/21 MP: 5/5
   220 | D:$      | Got out of the dungeon alive.

Illustrated notes

Levels and vault maps discovered:
D:1:      grunt_arrival_lava_bath, layout_basic, minmay_misc_feat_cross,
          kennysheep_minor_cross

Skill      XL: |  1 |
---------------+----+-----
Unarmed Combat | 3 |  3.5
Fighting       | |  1.0
Dodging        | |  1.7
Spellcasting   | |  2.0
Transmutations | |  1.7

Action                     || total
---------------------------++-------
  Melee: Unarmed           ||    38
         Kick              ||    11
         Punch             ||     1
         Headbutt          ||     1
   Cast: Beastly Appendage ||     4
 Armour: Robe              ||     3
  Dodge: Dodged            ||    23
